 Dungeon Crawl Stone Soup version 0.28.0-1-gb440e238dd (webtiles) character file.

Game seed: 11267709722022740969

14 issech the Skirmisher (level 2, 0/25 HPs)
             Began as a Palentonga Fighter on Feb 24, 2022.
             Succumbed to a kobold's poison
             ... on level 1 of the Dungeon.
             The game lasted 00:02:06 (258 turns).

issech the Skirmisher (Palentonga Fighter)           Turns: 258, Time: 00:02:06

Health: 0/25       AC:  6    Str: 19    XL:     2   Next: 27%
Magic:  2/2        EV:  7    Int:  8    God:
Gold:   9          SH:  4    Dex:  9    Spells: 1/1 levels left

rFire   . . .      SeeInvis +   a - +0 war axe
rCold   . . .      Faith    .   c - +0 buckler
rNeg    . . .      Spirit   .   b - +0 scale mail
rPois   .          Reflect  .   (no helmet)
rElec   .          Harm     .   (no cloak)
rCorr   .          Rampage  .   (no gloves)
Will    .....                   (no barding)
Stlth   ..........              (no amulet)
HPRegen 0.08/turn               (no ring)
MPRegen 0.08/turn               (no ring)

@: lethally poisoned (0 -> -11)
A: large, rugged brown scales 3, see invisible, deformed body, roll 1, armoured
tail
a: Rolling Charge


You were on level 1 of the Dungeon.
You visited 1 branch of the dungeon, and saw 1 of its levels.

You collected 9 gold pieces.

Inventory:

Hand Weapons
 a - a +0 war axe (weapon)
Missiles
 h - 33 stones
Armour
 b - a +0 scale mail (worn)
 c - a +0 buckler (worn)
 e - a +1 robe of fire resistance
Scrolls
 g - a scroll of fog {unknown}
Potions
 d - a potion of might
 f - a potion of lignification {unknown}


   Skills:
 + Level 3.1 Fighting
 + Level 2.1 Axes
 + Level 2.5 Armour
 + Level 2.7 Shields


You had one spell level left.
You didn't know any spells.
Your spell library was empty.

Dungeon Overview and Level Annotations

Branches:
Dungeon (1/15)

Altars:


Innate Abilities, Weirdness & Mutations

You are completely covered in rugged brown scales. (AC +3, +7% HP)
You have supernaturally acute eyesight. (SInv)
Armour fits poorly on your strangely shaped body.
You can roll at nearby foes to attack.
You have a long armoured tail.


Message History

You block the bat's attack.
You barely miss the bat. The bat hits you but does no damage. x2
The hobgoblin closely misses you. The quokka barely misses you.
You hit the quokka.
You kill the quokka!
You slash the bat!
You kill the bat!
You closely miss the hobgoblin.
The hobgoblin hits you but does no damage.
You closely miss the hobgoblin. The hobgoblin hits you.
The kobold barely misses you.
The hobgoblin hits you but does no damage.
You slash the hobgoblin!
You kill the hobgoblin!
You closely miss the kobold. The kobold hits you but does no damage.
You are poisoned.
You closely miss the giant cockroach. You tail-slap the giant cockroach.
The giant cockroach is moderately wounded.
You hit the kobold but do no damage.
You feel very sick. The kobold hits you but does no damage.
You are more poisoned.
You block the giant cockroach's attack.
The kobold hits you with a +2 dagger of venom.
You are lethally poisoned!
The giant cockroach bites you but does no damage.
You barely miss the giant cockroach.
Your tail-slap misses the giant cockroach.
The giant cockroach is moderately wounded.
You barely miss the kobold.
You feel very sick. The giant cockroach bites you.
The kobold barely misses you.
You miss the kobold. You hit the giant cockroach.
You kill the giant cockroach!
* * * LOW HITPOINT WARNING * * *
You feel very sick. The kobold closely misses you.
The kobold hits you with a +2 dagger of venom.
* * * LOW HITPOINT WARNING * * *
You die...

..............#
...............# #
................ ##
...............# ..
.................# ..
.[...............≈ #P ..
....[...K.....≈≈≈
##P.#..###.#..#......≈≈≈≈
≈≈..............@†...≈≈≈≈
##P...##.......#....≈≈≈≈#
#P..#.............##≈≈≈≈#
...................#≈≈≈≈#
....#............#..≈≈≈≈#
.................##.≈≈≈≈#
............†........≈≈≈≈
................###...≈≈≈
................... ...≈≈


You could see a kobold.

Vanquished Creatures
  2 ball pythons (D:1)
  3 bats (D:1)
  An endoplasm (D:1)
  A giant cockroach (D:1)
  A goblin (D:1)
  A hobgoblin (D:1)
  A quokka (D:1)
  A kobold (D:1)
11 creatures vanquished.

Notes
Turn   | Place    | Note
-------+----------+-------------------------------------------
     0 | D:1      | issech the Palentonga Fighter began the quest for the Orb.
     0 | D:1      | Reached XP level 1. HP: 19/19 MP: 1/1
   170 | D:1      | Reached XP level 2. HP: 19/25 MP: 2/2
   258 | D:1      | Succumbed to a kobold's poison

Illustrated notes

Levels and vault maps discovered:
D:1:      eino_arrival_water_cross, layout_rooms,
          nicolae_ecumenical_lake_church, serial_park_tiny_pond

Action                   || total
-------------------------++-------
Melee: War axe           ||    25
       Tailslap          ||     1
Armor: Scale mail        ||    23
Dodge: Dodged            ||    11
Block: Buckler           ||     5
